 Dungeon Sprint DCSS version 0.28-a0-938-gbc3f381ebc (webtiles) character file.

Game seed: 14491872477931577479

12932 mhtbhm the Bludgeoner (level 11, -6/130 HPs)
             Began as a Troll Berserker on Nov 28, 2021.
             Was the Champion of Trog.
             Mangled by a sixfirhy (11 damage)
             ... summoned by an orc high priest
             ... in the Dungeon (Sprint IX: "|||||||||||||||||||||||||||||").
             The game lasted 00:04:29 (1570 turns).

mhtbhm the Bludgeoner (Troll Berserker)             Turns: 1570, Time: 00:04:29

Health: -6/130     AC:  5    Str: 30    XL:     11   Next: 68%
Magic:  10/10      EV: 14    Int:  6    God:    Trog [******]
Gold:   1609       SH:  0    Dex: 12    Spells: 10/10 levels left

rFire   . . .      SeeInvis .   a - +7 giant spiked club of Qogoc {vorpal, rC+ Dex+3}
rCold   + . .      Faith    .   (shield currently unavailable)
rNeg    . . .      Spirit   .   b - +0 animal skin
rPois   +          Reflect  .   (helmet restricted)
rElec   .          Harm     .   k - +0 cloak
rCorr   .          Rampage  .   (gloves unavailable)
Will    .....      NoTele   +   (boots unavailable)
Stlth   ++........              (no amulet)
HPRegen 1.11/turn               l - +3 ring of intelligence
MPRegen 0.12/turn               n - ring of poison resistance

@: on berserk cooldown, slowed, very slow
A: large, unfitting armour, claws 3, regeneration 1, shaggy fur 1, tough skin 1
a: Renounce Religion, Berserk, Trog's Hand, Brothers in Arms


You were in the Dungeon.
You worshipped Trog.
Trog was exalted by your worship.
You visited 1 branch You collected 1609 gold pieces.

Inventory:

Hand Weapons
 a - the +7 giant spiked club of Qogoc (weapon) {vorpal, rC+ Dex+3}
   (Trog gifted it to you in the Dungeon)

   It inflicts extra damage upon your enemies.
   Dex:       It affects your dexterity (+3).
   rC:        It protects you from cold.
Armour
 b - a +0 animal skin (worn)
 k - a +0 cloak (worn)
Jewellery
 l - a +3 ring of intelligence (left claw)
 n - a ring of poison resistance (right claw)
Wands
 j - a wand of iceblast (10)
Scrolls
 h - 2 scrolls of blinking
 o - a scroll of identify
 p - 4 scrolls of enchant weapon
 q - a scroll of fog
Potions
 c - 5 potions of curing
 d - 3 potions of heal wounds
 e - 2 potions of haste
 f - 5 potions of magic
 g - a potion of berserk rage
 i - a potion of invisibility


   Skills:
 + Level 14.2 Fighting
 + Level 18.5 Maces & Flails
 + Level 12.3 Dodging
 + Level 1.1 Stealth


You had 10 spell levels left.
You didn't know any spells.
Your spell library was empty.

Dungeon Overview and Level Annotations

Branches:
Dungeon (1/1)

Altars:
Cheibriados
Dithmenos
Elyvilon
Fedhas
Gozag
Hepliaklqana
Kikubaaqudgha
Makhleb
Nemelex Xobeh
Okawaru
Qazlal
Ru
Sif Muna
Trog
Uskayaw
Vehumet
Wu Jian
Xom
Yredelemnul
Zin
The Shining One
Beogh
Jiyva
Lugonu

Shops:
D [**[


Innate Abilities, Weirdness & Mutations

You are too large for most types of armour.
You have claws for hands.
Your natural rate of healing is unusually fast.
You are covered in fur. (AC +1)
You have tough skin. (AC +1)


Message History

The orc high priest mumbles some strange prayers to Beogh.
You hit the orc high priest.
The orc high priest is heavily wounded.
The sixfirhy barely misses you. The sixfirhy closely misses you.
The sixfirhy hits you.
* * * LOW HITPOINT WARNING * * *
The sixfirhy shocks you!
* * * LOW HITPOINT WARNING * * *
The orc high priest says, "All sinners must die."
The orc high priest closely misses you.
The orc high priest shouts, "You are a heretic and must be destroyed!"
The orc high priest mumbles some strange prayers to Beogh.
Unknown command.
Blink to where?
Press: ? - help, Dir - move target
As you read the scroll of blinking, it crumbles to dust.
You feel much better. The sixfirhy hits you! The sixfirhy shocks you!
* * * LOW HITPOINT WARNING * * *
The sixfirhy hits you!
* * * LOW HITPOINT WARNING * * *
The sixfirhy shocks you!
* * * LOW HITPOINT WARNING * * *
Unknown command.
You feel much better. The sixfirhy hits you!
* * * LOW HITPOINT WARNING * * *
The sixfirhy shocks you!
* * * LOW HITPOINT WARNING * * *
The orc high priest says, "Oblivion to the unbeliever."
Unknown command.
You feel much better. The sixfirhy closely misses you.
Unknown command.
Your stone giant goes berserk!
The sixfirhy hits you!
* * * LOW HITPOINT WARNING * * *
The sixfirhy shocks you!
* * * LOW HITPOINT WARNING * * *
The sixfirhy hits you!
* * * LOW HITPOINT WARNING * * *
The sixfirhy shocks you!
You die...

▓▓▓▓▓▓▓▓▓▓▓▓▓▓▓▓▓▓▓▓▓▓▓▓▓▓▓▓▓
+4oo.4∩ooo∩3@)C)))).......)).
▓▓▓▓▓▓▓▓▓▓▓▓▓▓▓▓▓▓▓▓▓▓▓▓▓▓▓▓▓▓▓▓▓
................................)
▓▓▓▓▓▓▓▓▓▓▓▓▓▓▓▓▓▓▓▓▓▓▓▓▓▓▓▓▓▓▓▓▓
..[[[[..'[).(.....†)†'.......†)'.
▓▓▓▓▓▓▓▓▓▓▓▓▓▓▓▓▓▓▓▓▓▓▓▓▓▓▓▓▓▓▓▓▓
.................................
▓▓▓▓▓▓▓▓▓▓▓▓▓▓▓▓▓▓▓▓▓▓▓▓▓▓▓▓▓▓▓▓▓
...[))...).)..[[..)?.'___________


You could see 2 orc high priests, a sixfirhy (summoned, ally target), a red
devil (summoned), an orc priest and a friendly stone giant (summoned, berserk).

Vanquished Creatures
  A boulder beetle (D)
  A hydra (D)
  Erolcha (D)
  A death knight (D)
  A two-headed ogre (D)
  5 orc high priests (D)
  An orc knight (D)
  2 black mambas (D)
  A komodo dragon (D)
  A shadow (D)
  A wraith (D)
  3 yaks (D)
  A wyvern (D)
  A basilisk (D)
  3 wargs (D)
  4 water moccasins (D)
  2 acid dragons (D)
  2 hell hounds (D)
  10 orc warriors (D)
  A black bear (D)
  4 wolves (D)
  A centaur (D)
  10 orc priests (D)
  A hound (D)
  3 orc wizards (D)
  5 orcs (D)
  A ball python (D)
  A giant cockroach (D)
  A bat (D)
  A quokka skeleton (D)
  2 rats (D)
73 creatures vanquished.

Vanquished Creatures (collateral kills)
  An orc knight (D)
  An elephant (D)
  2 komodo dragons (D)
  A rime drake (D)
  A yak (D)
  An orc warrior (D)
  2 bullfrogs (D)
  2 orcs (D)
11 creatures vanquished.

Grand Total: 84 creatures vanquished

Notes
Turn   | Place    | Note
-------+----------+-------------------------------------------
     0 | D        | mhtbhm the Troll Berserker began the quest for the Orb.
     0 | D        | Reached XP level 1. HP: 22/22 MP: 0/0
     6 | D        | Reached skill level 3 in Maces & Flails
     8 | D        | Reached ** piety under Trog
   118 | D        | Noticed a hound
   118 | D        | Noticed an orc priest
   118 | D        | Noticed a black bear
   124 | D        | Killed a black bear
   124 | D        | Reached *** piety under Trog
   125 | D        | Reached skill level 5 in Maces & Flails
   125 | D        | Reached XP level 2. HP: 33/33 MP: 1/1
   125 | D        | Reached XP level 3. HP: 41/41 MP: 2/2
   125 | D        | Reached XP level 4. HP: 49/49 MP: 3/3
   128 | D        | Reached skill level 5 in Fighting
   128 | D        | Reached skill level 5 in Dodging
   129 | D        | Reached skill level 6 in Maces & Flails
   129 | D        | Reached XP level 5. HP: 57/57 MP: 4/4
   142 | D        | Found a snail-covered altar of Cheibriados.
   142 | D        | Found a shadowy altar of Dithmenos.
   142 | D        | Found a white marble altar of Elyvilon.
   142 | D        | Found a blossoming altar of Fedhas.
   142 | D        | Found an opulent altar of Gozag.
   143 | D        | Found a hazy altar of Hepliaklqana.
   144 | D        | Found a viscous altar of Jiyva.
   145 | D        | Found an ancient bone altar of Kikubaaqudgha.
   146 | D        | Found a corrupted altar of Lugonu.
   147 | D        | Found a burning altar of Makhleb.
   148 | D        | Found a sparkling altar of Nemelex Xobeh.
   149 | D        | Found an iron altar of Okawaru.
   150 | D        | Found a stormy altar of Qazlal.
   151 | D        | Found a sacrificial altar of Ru.
   152 | D        | Found a shimmering blue altar of Sif Muna.
   153 | D        | Found a bloodstained altar of Trog.
   154 | D        | Found a hide-covered altar of Uskayaw.
   155 | D        | Found a radiant altar of Vehumet.
   156 | D        | Found an ornate altar of the Wu Jian Council.
   157 | D        | Found a shimmering altar of Xom.
   158 | D        | Found a basalt altar of Yredelemnul.
   159 | D        | Found a glowing silver altar of Zin.
   160 | D        | Found a glowing golden altar of the Shining One.
   199 | D        | Noticed a yak
   199 | D        | Noticed a centaur
   199 | D        | Noticed a shadow
   199 | D        | Noticed a wyvern
   199 | D        | Noticed an acid dragon
   203 | D        | Reached **** piety under Trog
   204 | D        | Killed an acid dragon
   205 | D        | Reached skill level 7 in Maces & Flails
   205 | D        | Reached XP level 6. HP: 68/68 MP: 5/5
   210 | D        | Killed a wyvern
   211 | D        | Reached skill level 8 in Maces & Flails
   216 | D        | Killed a shadow
   221 | D        | Reached skill level 9 in Maces & Flails
   221 | D        | Reached XP level 7. HP: 48/79 MP: 6/6
   229 | D        | Killed a yak
   229 | D        | Reached ***** piety under Trog
   273 | D        | Noticed a seven-headed hydra
   273 | D        | Noticed a two-headed ogre
   273 | D        | Noticed a boulder beetle
   273 | D        | Noticed a wraith
   273 | D        | Noticed a death knight
   280 | D        | Killed a death knight
   281 | D        | Reached skill level 11 in Maces & Flails
   281 | D        | Reached XP level 8. HP: 92/92 MP: 7/7
   348 | D        | Killed a boulder beetle
   349 | D        | Reached skill level 12 in Maces & Flails
   349 | D        | Reached XP level 9. HP: 101/101 MP: 8/8
   351 | D        | Killed a two-headed ogre
   352 | D        | Reached skill level 10 in Fighting
   352 | D        | Reached skill level 13 in Maces & Flails
   355 | D        | Killed a seven-headed hydra
   356 | D        | Reached skill level 14 in Maces & Flails
   356 | D        | Reached skill level 10 in Dodging
   540 | D        | Noticed a komodo dragon
   540 | D        | Noticed a black mamba
   551 | D        | Noticed a rime drake
   551 | D        | Noticed a komodo dragon
   560 | D        | Reached ****** piety under Trog
   570 | D        | Killed a black mamba
   570 | D        | Received a gift from Trog
   571 | D        | Reached XP level 10. HP: 47/114 MP: 9/9
   575 | D        | Reached skill level 15 in Maces & Flails
   776 | D        | Noticed a black mamba
   789 | D        | Noticed an elephant
   793 | D        | Killed a black mamba
   807 | D        | Received a gift from Trog
   812 | D        | Reached skill level 16 in Maces & Flails
   813 | D        | Killed an elephant
  1037 | D        | Received a gift from Trog
  1122 | D        | Noticed Erolcha
  1130 | D        | Killed Erolcha
  1131 | D        | Reached XP level 11. HP: 99/127 MP: 3/10
  1199 | D        | Noticed an orc knight
  1207 | D        | Killed an orc knight
  1212 | D        | Identified the +7 giant spiked club of Qogoc {vorpal, rC+
                  | Dex+3} (Trog gifted it to you in the Dungeon)
  1212 | D        | Received a gift from Trog
  1219 | D        | Noticed an orc high priest
  1224 | D        | Received a gift from Trog
  1228 | D        | Noticed a sixfirhy
  1228 | D        | Noticed a soul eater
  1237 | D        | Killed an orc high priest
  1238 | D        | Reached skill level 17 in Maces & Flails
  1238 | D        | Reached skill level 1 in Stealth
  1338 | D        | Noticed an orc knight
  1339 | D        | Received a gift from Trog
  1348 | D        | Killed an orc knight
  1459 | D        | Found Gogesmet's Antique Armour Boutique.
  1459 | D        | Noticed an orc high priest
  1460 | D        | Noticed an orc high priest
  1463 | D        | Noticed a sixfirhy
  1464 | D        | Noticed a soul eater
  1465 | D        | Found Roqucur's General Store.
  1467 | D        | Killed an orc high priest
  1470 | D        | Found Soocsozu's Assorted Antiques.
  1474 | D        | Received a gift from Trog
  1480 | D        | Killed an orc high priest
  1481 | D        | Reached skill level 18 in Maces & Flails
  1481 | D        | Noticed an orc high priest
  1489 | D        | Killed an orc high priest
  1542 | D        | Found Kasasug's Armour Shop.
  1544 | D        | Noticed an orc high priest
  1546 | D        | Noticed an orc high priest
  1547 | D        | Noticed an orc high priest
  1550 | D        | Killed an orc high priest
  1551 | D        | Identified the +3 double sword of Sokah {vorpal, Str+4}
                  | (Trog gifted it to you in the Dungeon)
  1551 | D        | Received a gift from Trog
  1563 | D        | Noticed a sixfirhy
  1570 | D        | HP: 5/130 [sixfirhy[an orc high priest] (8)]
  1570 | D        | Mangled by a sixfirhy

Illustrated notes

Levels and vault maps discovered:
D:        linesprint [early_d, line_temple, items_1, d_10, items_2, lair_1,
          lair_end, items_3, orc_1, orc_end, items_4, d_15, swamp_1, shoals_1,
          snake_1, spider_1, d_20, vaults_1, items_5, swamp_end, shoals_end,
          snake_end, spider_end, vaults_end, d_27, items_6, zot_1, zot_end,
          crypt_end, forest_end, elf_end, slime_end, tomb_end, abyss_end,
          pan_hell_end]

Skill      XL: |  1  2  3  4  5  6  7  8  9 10 11 |
---------------+----------------------------------+-----
Maces & Flails | 5 6 7 9 11 12 14 16 18 | 18.5
Fighting       | 4 5 6 7 9 11 13 14 | 14.2
Dodging        | 4 5 6 7 8 9 10 11 12 | 12.3
Stealth        | 1 |  1.1

Action                   |  1- 3 |  4- 6 |  7- 9 | 10-12 || total
-------------------------+-------+-------+-------+-------++-------
Melee: Mace              |    13 |     5 |       |       ||    18
       Dire flail        |       |    18 |    68 |    66 ||   152
       Giant club        |       |       |       |    36 ||    36
       Giant spiked club |       |       |       |    49 ||    49
Invok: Berserk           |     1 |     1 |     3 |     6 ||    11
       Brothers in Arms  |       |       |       |     4 ||     4
  Use: Potion            |       |       |     1 |     5 ||     6
       Scroll            |       |       |       |     1 ||     1
Armor: Animal skin       |     3 |     7 |     3 |     6 ||    19
Dodge: Dodged            |     6 |    11 |    24 |    60 ||   101

Table legend: (Time is in decaauts)
 A = Elapsed time spent in this place.
 B = Non-inter-level travel time spent in this place.
 C = Inter-level travel time spent in this place.
 D = Time resting spent in this place.
 E = Time spent auto-exploring this place.
 F = Levels seen in this place.
 G = Mean time per level.
                   A        B        C        D        E       F      G
               +--------+--------+--------+--------+--------+-----+--------+
         Total |   1578 |   1578 |      0 |    828 |    136 |   1 | 1578.0 |
       Dungeon |   1578 |   1578 |      0 |    828 |    136 |   1 | 1578.0 |
               +--------+--------+--------+--------+--------+-----+--------+

Top non-repeatable levels by time:
       D: 1578 daAuts
